 Dungeon Crawl Stone Soup version 0.20-a0-433-g9e36e56 (webtiles) character file.

202 Amnesiac the Sneak (level 5, 0/35 HPs)
             Began as a Vampire Enchanter on Jan 5, 2017.
             Was an Initiate of Gozag.
             Slain by an orc
             ... wielding a +0 whip
              (3 damage)
             ... on level 3 of the Dungeon.
             The game lasted 00:11:01 (4257 turns).

Amnesiac the Sneak (Vampire Enchanter)              Turns: 4257, Time: 00:11:02

Health: 0/35       AC:  3    Str:  7    XL:     5   Next: 50%
Magic:  3/9        EV: 13    Int: 17    God:    Gozag
Gold:   488        SH:  0    Dex: 16    Spells: 3/9 levels left

rFire  . . .     SeeInvis +     a - +1 dagger
rCold  + + .     Gourm    .     b - +1 robe
rNeg   + + +     Faith    .     (no shield)
rPois  ∞         Spirit   .     (no helmet)
rElec  .         Reflect  .     (no cloak)
rCorr  .         Harm     .     (no gloves)
MR     .....                    (no boots)
Stlth  +++++.....               (no amulet)
                                (no ring)
                                (no ring)

@: bloodless, non-regenerating
A: fangs 3, see invisible, unbreathing
a: Bat Form, Potion Petition, Call Merchant, Bribe Branch, Renounce Religion


You were on level 3 of the Dungeon.
You worshipped Gozag.
Gozag was aware of your devotion.
You were bloodless.

You visited 2 branches of the dungeon, and saw 5 of its levels.

You collected 562 gold pieces.
You paid 74 gold pieces to Gozag.

Inventory:

Hand Weapons
 a - a +1 dagger (weapon)
 k - a +1 spear of flaming
Armour
 b - a +1 robe (worn)
Jewellery
 n - an uncursed amulet of faith {unknown}
Wands
 f - a wand of acid (10/15)
Scrolls
 e - a scroll of remove curse
 g - a scroll of noise {unknown}
 l - a scroll of amnesia {unknown}
 m - 3 scrolls of enchant armour
 o - 2 scrolls of enchant weapon {unknown}
 p - a scroll of magic mapping {unknown}
 q - a scroll of recharging
Potions
 d - a potion of haste {unknown}
 h - a potion of berserk rage {unknown}
 i - a potion of invisibility {unknown}
 j - a potion of might {unknown}
Books
 c - a book of Maledictions

   Spells                             Type                      Level
   a - Corona                         Hexes                        1
   b - Ensorcelled Hibernation        Hexes/Ice                    2
   c - Confuse                        Hexes                        3
   d - Tukima's Dance                 Hexes                        3
   e - Dazzling Spray                 Conjuration/Hexes            3


   Skills:
 + Level 3.2 Short Blades
 - Level 2.1 Dodging
 * Level 6.4 Stealth
 + Level 2.7 Spellcasting
 * Level 5.9 Hexes


You had 3 spell levels left.
You knew the following spells:

 Your Spells              Type           Power        Failure   Level  Hunger
e - Confuse               Hex            ###.....     6%          3    ###....
f - Corona                Hex            ###....      1%          1    #......
z - Ensorcelled Hibernat  Hex/Ice        ##....       10%         2    ##.....


Dungeon Overview and Level Annotations

Branches:
Dungeon (4/15)             Temple (1/1) D:4

Altars:
Ashenzari
Dithmenos
Elyvilon
Fedhas
Gozag
Hepliaklqana
Kikubaaqudgha
Makhleb
Nemelex Xobeh
Okawaru
Qazlal
Ru
Sif Muna
Trog
Vehumet
Xom
Yredelemnul


Innate Abilities, Weirdness & Mutations

You do not heal naturally.
You are immune to poison.
You have razor-sharp teeth.
You have supernaturally acute eyesight. (SInv)
You can survive without breathing.


Message History

You hit the centaur zombie but do no damage.
You bite the centaur zombie.
The centaur zombie is moderately damaged. 3 orcs come into view.
An orc comes into view. It is wielding a club.
An orc comes into view. It is wielding a whip.
The orc shouts!
The orc is distracted by your gold.
You see here a club.
You start resting.
You start resting.
Casting: Confuse
Confirm with . or Enter, or press ? or * to list all spells.
Aiming: Ensorcelled Hibernation
Press: ? - help, Shift-Dir - straight line, f - orc
Aim: an orc, wielding a whip (chance to defeat MR: 61%)
The orc resists with significant effort.
The orc hits you with a whip.
You die...
Your body crumbles into a pile of gold.

# ########### #
#......o..########
#.#######...).....
#.# #####.#### #o#
#.## # #@# #..# #
#.# ##.# # #.#
#.### #.# ###
#.##. #.# ##.##
#....
#.###.#.######..#.
#.##.###..........
#.###.#.######..##
#....#.## #..##


You could see an orc.

Vanquished Creatures
  An orc priest (D:3)
  A worker ant (D:3)
  A worker ant zombie (D:3)
  2 gnolls (D:1)
  3 adders
  3 adder skeletons (D:3)
  2 adder zombies (D:3)
  4 dart slugs
  6 leopard geckos
  2 orcs (D:3)
  3 bats
  3 giant cockroaches
  8 hobgoblins
  10 kobolds
  A ball python (D:2)
  5 frilled lizards
  5 goblins
  A quokka zombie (D:3)
  8 rats
69 creatures vanquished.

Vanquished Creatures (others)
  A plant (D:1)
1 creature vanquished.

Grand Total: 70 creatures vanquished

Notes
Turn   | Place    | Note
-------+----------+-------------------------------------------
     0 | D:1      | Amnesiac the Vampire Enchanter began the quest for the Orb.
     0 | D:1      | Reached XP level 1. HP: 13/13 MP: 3/3
   182 | D:2      | You fall through a shaft for 2 floors!
   184 | D:4      | Noticed a worker ant
   186 | D:4      | Reached XP level 2. HP: 19/19 MP: 5/5
   213 | D:3      | Found a deep blue altar of Sif Muna.
   538 | D:4      | Found a staircase to the Ecumenical Temple.
   548 | D:4      | Reached skill level 5 in Hexes
   573 | Temple   | Entered the Ecumenical Temple
   747 | Temple   | Became a worshipper of Gozag Ym Sagoz the Greedy
  1569 | D:1      | Reached XP level 3. HP: 24/24 MP: 6/6
  1574 | D:1      | Learned a level 3 spell: Confuse
  1706 | D:1      | Learned a level 2 spell: Ensorcelled Hibernation
  1785 | D:1      | Reached skill level 5 in Stealth
  2470 | D:1      | Reached XP level 4. HP: 30/30 MP: 4/7
  2976 | D:2      | Found a stormy altar of Qazlal.
  3054 | D:2      | Found a white marble altar of Elyvilon.
  3115 | D:2      | Found a basalt altar of Yredelemnul.
  3888 | D:3      | Reached skill level 6 in Stealth
  3930 | D:3      | Reached XP level 5. HP: 24/35 MP: 3/9
  4257 | D:3      | Slain by an orc

Vault maps used:
D:1:      dpeg_arrival_short_road, lexackson_kobold_supper
D:2:      kennysheep_ying_yang, lemuel_crystal_altar
D:3:      old_standard_altar, nicolae_overflow_crystal_walls, serial_undead,
          serial_undead_f, serial_undead_d, serial_undead_c, serial_undead_a,
          serial_undead_b, serial_undead_b
D:4:      marbit_many_paths, first_bread
Temple:   cyrus_circular_temple

Skill      XL: |  1  2  3  4 |
---------------+-------------+-----
Hexes          | 5 |  5.9
Stealth        | 5 6 |  6.4
Short Blades   | 2 3 |  3.2
Dodging        | |  2.1
Spellcasting   | |  2.7

Action                   |  1- 3 |  4- 6 || total
-------------------------+-------+-------++-------
Melee: Dagger            |   124 |   124 ||   248
       Bite              |     9 |    15 ||    24
       Spear             |       |     9 ||     9
 Cast: Corona            |     5 |       ||     5
       Ensorcelled Hiber |     9 |    21 ||    30
       Confuse           |     2 |     9 ||    11
  Use: Scroll            |     3 |       ||     3
 Stab: Sleeping          |    15 |    19 ||    34
       Confused          |     1 |     4 ||     5
Armor: Robe              |    10 |    19 ||    29
Dodge: Dodged            |    76 |    64 ||   140
